 Dungeon Crawl Stone Soup version 0.20-a0-983-g35de22d (webtiles) character file.

16 M4edhros the Magician (level 2, -5/19 HPs)
             Began as a Bultungin Wanderer on Apr 10, 2017.
             Engulfed by a cloud of steam (10 damage)
             ... on level 3 of the Dungeon.
             The game lasted 00:02:05 (235 turns).

M4edhros the Magician (Bultungin Wanderer)           Turns: 235, Time: 00:02:05

Health: -5/19      AC:  6    Str: 10    XL:     2   Next: 54%
Magic:  2/8        EV: 11    Int: 12    God:
Gold:   39         SH:  0    Dex: 14    Spells: 10/11 levels left

rFire    . . .     SeeInvis +   e - +0 dagger
rCold    . . .     Gourm    .   (no shield)
rNeg     . . .     Faith    .   d - +0 robe
rPois    .         Spirit   .   (no helmet)
rElec    .         Reflect  .   (no cloak)
rCorr    .         Harm     .   (no gloves)
MR       .....                  (no boots)
Stlth    +.........             (no amulet)
Regen    0.1/turn               h - +4 ring of protection
MPRegen  0.2/turn               (no ring)

@: lethally poisoned (-5 -> -12), very slightly contaminated, invisible
A: short attention span, fangs 1, see invisible, strong nose
a: no special abilities


You were on level 3 of the Dungeon.
You were not hungry.

You visited 1 branch of the dungeon, and saw 3 of its levels.

You collected 39 gold pieces.

Inventory:

Hand Weapons
 e - a +0 dagger (weapon)
Armour
 d - a +0 robe (worn)
Jewellery
 g - an uncursed ring of ice
 h - a +4 ring of protection (left hand)
Scrolls
 i - a scroll of identify {unknown}
 k - a scroll of enchant armour {unknown}
Books
 a - a book of Flames

   Spells                             Type                      Level
   a - Flame Tongue                   Conjuration/Fire             1
   b - Throw Flame                    Conjuration/Fire             2
   c - Conjure Flame                  Conjuration/Fire             3
   d - Inner Flame                    Hexes/Fire                   3
   e - Sticky Flame                   Conjuration/Fire             4
   f - Fireball                       Conjuration/Fire             5
 b - the Disquisition on Flames

   Spells                             Type                      Level
   a - Flame Tongue                   Conjuration/Fire             1
   b - Ignite Poison                  Fire/Transmutation/Poison    3
Comestibles
 f - a bread ration


   Skills:
   Level 3.0 Shields
 + Level 5.4 Spellcasting
 + Level 1.3 Conjurations
   Level 3.0 Summonings
 + Level 4.8 Fire Magic


You had 10 spell levels left.
You knew the following spells:

 Your Spells              Type           Power        Failure   Level  Hunger
a - Flame Tongue          Conj/Fire      ##...        8%          1    None


Dungeon Overview and Level Annotations

Branches:
Dungeon (3/15)

Altars:

Portals:
Sewer: D:3

Annotations:
D:3 Terence


Innate Abilities, Weirdness & Mutations

You have a short attention span.
You have very sharp teeth.
You have supernaturally acute eyesight. (SInv)
Your uncanny sense of smell can sniff out nearby items.


Message History

Terence is engulfed in a cloud of scalding steam.
Casting: Flame Tongue
Confirm with . or Enter, or press ? or * to list all spells.
Aiming: Flame Tongue
Press: ? - help, Shift-Dir - straight line, f/p - Terence
Aim: Terence, wielding a short sword of venom and wearing a runed chain mail (steam, lightly wounded)
You miscast Flame Tongue.
Nothing appears to happen.
* * * LOW HITPOINT WARNING * * *
You feel sick. Terence barely misses you.
Unknown command.
Casting: Flame Tongue
Confirm with . or Enter, or press ? or * to list all spells.
Aiming: Flame Tongue
Press: ? - help, Shift-Dir - straight line, f/p - Terence
Aim: Terence, wielding a short sword of venom and wearing a runed chain mail (lightly wounded)
The flame tongue hits Terence.
Terence appears unharmed.
Terence is lightly wounded.
You are engulfed in a cloud of scalding steam.
Ouch! That really hurt!
You die...

.......... ..........#
...........# #
#.[.........# ..
#.......[...# ...
...........#+#....
..................
###.......§....... .
.......§≈@@...#.. ..
..#..≈≈§≈≈...# ...
#..≈≈∩≈≈...# ....
#..≈≈≈≈≈...# .....
#.$.≈≈≈....#......
#.....†...........
####.........###.....
...........>..........
.....##...†..####.....


You could see Terence.

Vanquished Creatures
  An ooze (D:2)
  2 ball pythons (D:3)
  2 bats
  A hobgoblin (D:1)
  A kobold (D:3)
  A frilled lizard (D:2)
  3 rats
11 creatures vanquished.

Notes
Turn   | Place    | Note
-------+----------+-------------------------------------------
     0 | D:1      | M4edhros the Bultungin Wanderer began the quest for the Orb.
     0 | D:1      | M4edhros set off with: a book of Flames, the Disquisition on Flames, a potion of curing, a +0 robe, a +0 dagger, a bread ration
     0 | D:1      | Reached XP level 1. HP: 13/13 MP: 6/6
    12 | D:1      | Identified the Disquisition on Flames
    14 | D:1      | Learned a level 1 spell: Flame Tongue
    81 | D:1      | Reached skill level 5 in Spellcasting
   147 | D:2      | Reached skill level 1 in Conjurations
   147 | D:2      | Reached XP level 2. HP: 11/19 MP: 2/8
   193 | D:3      | Found a glowing drain.
   203 | D:3      | Noticed Terence
   235 | D:3      | Engulfed by a cloud of steam

Vault maps used:
D:1:      minmay_arrival_split_and_join
D:2:      serial_park_tiny_pond
D:3:      grunt_gozag_breadcrumbs, first_bread, portal_sewer_entry_a,
          uniq_sigmund, uniq_robin, uniq_terence

Skill      XL: |  1 |
---------------+----+-----
Spellcasting   | 5 |  5.4
Conjurations   | 1 |  1.3
Shields        | |  3.0
Summonings     | |  3.0
Fire Magic     | |  4.8

Action                   || total
-------------------------++-------
Melee: Dagger            ||    16
       Bite              ||     3
 Cast: Flame Tongue      ||    17
  Use: Potion            ||     2
Armor: Robe              ||    10
Dodge: Dodged            ||    20
